 Dungeon Crawl Stone Soup version 0.14.2 (webtiles) character file.

89 error the Sneak (level 3, 0/27 HPs)
             Began as a Vine Stalker Assassin on Oct 30, 2018.
             Slain by a rat (1 damage)
             ... on Level 2 of the Dungeon.
             The game lasted 00:06:54 (1608 turns).

error the Sneak (Vine Stalker Assassin)             Turns: 1608, Time: 00:06:54

HP   0/27        AC 21     Str 13      XL: 3   Next: 97%
MP   0/4         EV  1     Int 17      God:
Gold 33          SH  0     Dex 15      Spells:  0 memorised,  2 levels left

rFire  . . .     SeeInvis .     a - +2 dagger
rCold  . . .     Clarity  .     c - melded +0 robe
rNeg   + + +     Conserve .     (no shield)
rPois  +         rCorr    .     (no helmet)
rElec  .         rRot     +     d - melded +0 cloak
SustAb . .       Spirit   +     (gloves currently unavailable)
rMut   .         Warding  .     (boots currently unavailable)
Saprov . . .     NoTele   +     (no amulet)
MR     .....                    (no ring)
                                (no ring)

@: tree-form, brilliant, not resistant to hostile enchantments, very stealthy
A: (fangs 0), regeneration 1, magic shield, (antimagic bite), no device heal
a: no special abilities


You were on level 2 of the Dungeon.
You were not hungry.
You were an animated tree.
You visited 1 branch of the dungeon, and saw 2 of its levels.

You collected 33 gold pieces.

Inventory:

Hand weapons
 a - a +2,+2 dagger (weapon)
 b - a +0 blowgun
Missiles
 e - 6 poisoned needles
 f - 2 curare-tipped needles
 r - 6 darts of frost (quivered)
 s - 15 darts
Armour
 c - a +0 robe (melded)
 d - a +0 cloak (melded)
 i - a cursed -2 leather armour
 u - a +0 leather armour
Comestibles
 g - 2 bread rations
 h - a lychee
 k - 11 grapes
 m - a meat ration
 t - 2 chunks of quokka flesh
Scrolls
 j - 2 scrolls of remove curse
 l - a scroll of teleportation {unknown}
 n - 2 scrolls of identify {unknown}
 v - a scroll of recharging {unknown}
Jewellery
 p - a cursed -2 ring of dexterity {unknown}


   Skills:
 + Level 2.0 Fighting
 + Level 1.8 Short Blades
 + Level 2.1 Throwing
 + Level 1.7 Dodging
 + Level 5.7 Stealth


You had 2 spell levels left.
You didn't know any spells.

Dungeon Overview and Level Annotations

Branches:
Dungeon (2/15)

Altars:
Okawaru


Innate Abilities, Weirdness & Mutations

You are immune to rotting.
((You have extremely sharp teeth.))*
Your natural rate of healing is unusually fast.
When hurt, damage is shared between your health and your magic reserves.
((Your bite disrupts and absorbs the magic of your enemies.))*
Potions and wands cannot restore your HP.


Message History

The rat bites you but does no damage.
The green rat bites you but does no damage. x2
You hit the green rat.
The green rat is almost dead.
The rat bites you but does no damage.
The green rat bites you but does no damage. x2
You hit the green rat.
You kill the green rat!
Your Fighting skill increases to level 2!
The rat completely misses you. The green rat bites you.
* * * LOW HITPOINT WARNING * * *
You closely miss the green rat.
You bite the green rat, but do no damage.
The green rat is moderately wounded.
The rat barely misses you.
The green rat bites you but does no damage.
You hit the green rat but do no damage.
The green rat is moderately wounded.
The rat bites you.
You die...

## . . ....#.. ........
............
..#<....♣♣...##..♣.♣##
.......P.♣♣♣♣.P.P..♣♣♣P
#.#...♣♣P.♣.♣PP..♣P♣....
...♣P♣♣♣.P.♣♣♣♣.♣♣♣.♣♣.
♣♣♣.P.♣.$P♣♣PP..♣.P.(♣
#..♣♣..PP♣P...♣.♣..P..♣P%
.>.PP♣P.♣♣♣......♣.♣...8%
#.###♣.♣rr♣..♣$..#...#...
#.......P..♣.............
...♣.♣♣.P.♣P..#..._...#.
.....♣♣♣♣..♣............
.....P♣♣..P.P...#...#.P.
###.. P♣.P.♣♣PP§.P.P...
## P.♣♣.P♣§♣.♣♣PP♣♣.P
#.♣♣♣P.♣♣§####P.P♣


You could see a green rat and a rat.

Vanquished Creatures
  A green rat (D:2)
  An adder (D:2)
  An ooze (D:2)
  A ball python (D:1)
  5 goblins
  5 hobgoblins (D:1)
  3 jackals (D:1)
  A quokka (D:2)
  A bat (D:1)
  4 giant newts
  7 kobolds (D:1)
  4 rats (D:1)
  A plant (D:2)
35 creatures vanquished.

Notes
Turn   | Place    | Note
--------------------------------------------------------------
     0 | D:1      | error, the Vine Stalker Assassin, began the quest for the Orb.
     0 | D:1      | Reached XP level 1. HP: 11/11 MP: 1/1
    70 | D:1      | Reached skill level 5 in Stealth
   459 | D:1      | Reached XP level 2. HP: 10/15 MP: 3/3
   728 | D:1      | Reached skill level 1 in Dodging
  1112 | D:1      | Reached XP level 3. HP: 16/18 MP: 4/4
  1546 | D:2      | Found an iron altar of Okawaru.
  1606 | D:2      | HP: 1/27 [green rat (2)]
  1608 | D:2      | Slain by a rat

Action                   || total
-------------------------++-------
Melee: Dagger            ||   220
 Fire: Blowgun           ||    10
Throw: Dart              ||     1
  Use: Scroll            ||     1
       Potion            ||     2
 Stab: Sleeping          ||     2
